 Dungeon Crawl Stone Soup version 0.32-a0-996-gb3226c233f (webtiles) character file.

Game seed: 719914533066975002

32 javelincjr the Caller (level 2, -4/20 HPs)
             Began as a Demigod Summoner on Apr 23, 2024.
             Slain by a gnoll
             ... wielding a +0 whip
              (6 damage)
             ... on level 1 of the Dungeon.
             The game lasted 00:06:43 (935 turns).

javelincjr the Caller (Demigod Summoner)             Turns: 935, Time: 00:06:44

Health: -4/20      AC:  3    Str:  9    XL:     2   Next: 96%
Magic:  5/7        EV: 11    Int: 17    God:
Gold:   71         SH:  0    Dex: 14    Spells: 2/5 levels left

rFire   . . .        f - +0 mace (protect)
rCold   . . .        (no shield)
rNeg    . . .        a - +0 robe
rPois   .            i - +0 helmet
rElec   .            (no cloak)
rCorr   .            (no gloves)
SInv    .            (no boots)
Will    .....        (no amulet)
Stlth   ++           (no ring)
HPRegen 0.23/turn    (no ring)
MPRegen 0.10/turn

%: no passive effects
@: no status effects
A: high MP 1, forlorn, divine attributes
a: no special abilities


You were on level 1 of the Dungeon.
You visited 1 branch of the dungeon, and saw 2 of its levels.

You collected 71 gold pieces.

Inventory:

Hand Weapons
 f - a +0 mace of protection (weapon)
Missiles
 d - 18 stones
Armour
 a - a +0 robe (worn)
 g - a +0 kite shield
 i - a +0 helmet (worn)
Scrolls
 h - a scroll of noise {unknown}
 j - a scroll of identify {unknown}
Potions
 b - a potion of magic
 c - a potion of degeneration {unknown}
 e - a potion of haste {unknown}


   Skills:
 + Level 2.1 Dodging
 + Level 2.1 Stealth
 + Level 0.2 Shields
 * Level 2.2 Spellcasting
 * Level 4.0 Summonings


You had 2 spell levels left.
You knew the following spells:

 Your Spells              Type           Power      Damage    Failure   Level
a - Summon Small Mammal   Summ           60%        N/A       3%          1
b - Call Imp              Summ           30%        N/A       5%          2

Your spell library contained the following spells:

 Spells                   Type           Power      Damage    Failure   Level
 Ensorcelled Hibernation  Hex/Ice        2%         N/A       28%         2
 Call Canine Familiar     Summ           15%        N/A       11%         3
 Fugue of the Fallen      Necr           1%         N/A       50%         3
 Summon Blazeheart Golem  Fire/Summ      8%         N/A       63%         4
 Summon Lightning Spire   Summ/Air       8%         N/A       63%         4
 Anguish                  Hex/Necr       0%         N/A       88%         4


Dungeon Overview and Level Annotations

Branches:
Dungeon (2/15)


Innate Abilities, Weirdness & Mutations

You have an increased reservoir of magic. (+10% MP)
You shall have no god before yourself.
Your divine heritage dramatically boosts your attributes as you level up.


Message History

Casting: Summon Small Mammal (safe; 3% risk of failure)
Confirm with . or Enter, or press ? or * to list all spells.
The gnoll hits you with a +0 club.
Your cerulean imp hits the gnoll but does no damage.
You hit the gnoll.
Your weapon exudes an aura of protection.
The gnoll is severely wounded.
The gnoll hits you with a +0 club.
Your rat barely misses the gnoll.
Your cerulean imp hits the gnoll with a -3 spear.
The gnoll closely misses you.
You hit the gnoll.
You kill the gnoll!
Your Summonings skill increases to level 4!
You climb downwards.
Your summoned allies are left behind.
The gnoll shouts!
You hear a shout!
You hear an angry hiss.
You hear a shout!
There is a stone staircase leading up here.
You climb upwards.
Your cerulean imp disappears in a puff of smoke!
Your rat disappears in a puff of smoke! x2
There is a stone staircase leading down here.
You start resting.
HP restored.
You start resting.
Magic restored.
You climb downwards.
The gnoll shouts! x2
The gnoll hits you with a +0 whip. x2
There is a stone staircase leading up here.
The gnoll hits you with a +0 whip.
* * * LOW HITPOINT WARNING * * *
The gnoll closely misses you. x2
You climb upwards.
There is a stone staircase leading down here.
Casting: Summon Small Mammal (safe; 3% risk of failure)
Confirm with . or Enter, or press ? or * to list all spells.
A tiny devil pulls itself out of the air.
The gnoll hits you with a +0 whip.
* * * LOW HITPOINT WARNING * * *
The gnoll hits you with a +0 whip.
You die...

.>'≈≈≈....###.# #.#
..'≈≈≈........# #.#
#'#≈≈≈.....##.# ##.#########
+≈≈≈≈~.....##.# #..#.......#
#≈≈≈≈~.....##.#####..........#
#≈≈≈≈~...#...........######..#
'≈≈≈≈~...#...#......###..##.##
#'#≈≈≈...#...#.5...###....§.#
..'≈≈~.....#.+.g@..##...#...#
..'≈≈~....##.#..g..#....##..#
#'#≈≈~........##...#..##[##.#
≈≈≈≈≈~.....#...#)..##).##.#.#
≈≈≈≈~~.....#...#...##...###.#
~~~~~~...........)..........#
.......##....####....########
.......#...#...#######
#..###...#.....#


You could see 2 gnolls and a friendly cerulean imp (summoned).

Vanquished Creatures
  A gnoll (D:1)
  An endoplasm (D:1)
  A giant cockroach (D:1)
  2 goblins (D:1)
  A hobgoblin (D:1)
  A quokka (D:1)
  3 bats (D:1)
  A frilled lizard (D:1)
  2 kobolds (D:1)
13 creatures vanquished.

Vanquished Creatures (collateral kills)
  A ball python (D:1)
  3 endoplasms (D:1)
  2 goblins (D:1)
  A hobgoblin (D:1)
  2 frilled lizards (D:1)
9 creatures vanquished.

Grand Total: 22 creatures vanquished

Notes
Turn   | Place    | Note
-------+----------+-------------------------------------------
     0 | D:1      | javelincjr the Demigod Summoner began the quest for the
                  | Orb.
     0 | D:1      | Reached XP level 1. HP: 14/14 MP: 5/5
   530 | D:1      | Reached XP level 2. HP: 20/20 MP: 4/7
   713 | D:1      | Learned a level 2 spell: Call Imp
   897 | D:1      | Reached skill level 4 in Summonings
   935 | D:1      | Slain by a gnoll

Illustrated notes

Levels and vault maps discovered:
D:1:      dpeg_arrival_castle, layout_basic, minmay_cupped
D:2:      layout_basic, uniq_jessica

Skill      XL: |  1  2 |
---------------+-------+-----
Spellcasting   | 2 |  2.2
Stealth        | 2 |  2.1
Dodging        | 2 |  2.1
Summonings     | 4 |  4.0
Shields        | |  0.2

Action                     || total
---------------------------++-------
  Melee: Unarmed           ||    16
         Mace              ||    25
   Cast: Summon Small Mamm ||    30
         Call Imp          ||     5
   Stab: Sleeping          ||     1
 Armour: Robe              ||    47
  Dodge: Dodged            ||    39

Table legend: (Time is in decaauts)
 A = Elapsed time spent in this place.
 B = Non-inter-level travel time spent in this place.
 C = Inter-level travel time spent in this place.
 D = Time resting spent in this place.
 E = Time spent auto-exploring this place.
 F = Levels seen in this place.
 G = Mean time per level.
                   A        B        C        D        E       F      G
               +--------+--------+--------+--------+--------+-----+--------+
         Total |    948 |    927 |     21 |     30 |    536 |   2 |  474.0 |
       Dungeon |    948 |    927 |     21 |     30 |    536 |   2 |  474.0 |
               +--------+--------+--------+--------+--------+-----+--------+

Top non-repeatable levels by time:
     D:1: 940 daAuts
     D:2: 8 daAuts
